 Dungeon Crawl Stone Soup version 0.29.1-13-g9f3cf754e1 (webtiles) character file.

Game seed: 835498423958656129

1201 daybreaker the Cudgeller (level 8, 0/69 HPs)
             Began as a Red Draconian Berserker on Feb 6, 2023.
             Was a Believer of Trog.
             Slain by a vampire mosquito (7 damage)
             ... on level 10 of the Dungeon.
             The game lasted 00:34:00 (5812 turns).

daybreaker the Cudgeller (Red Draconian Berserker)  Turns: 5812, Time: 00:34:02

Health: 0/69       AC: 14    Str: 22    XL:     8   Next: 21%
Magic:  8/8        EV: 13    Int:  8    God:    Trog [**....]
Gold:   255        SH:  0    Dex: 10    Spells: 7/7 levels left

rFire   + + .      SeeInvis +   n - +2 mace (protect)
rCold   x . .      Faith    .   (no shield)
rNeg    . . .      Spirit   .   (body armour unavailable)
rPois   .          Reflect  .   (helmet restricted)
rElec   .          Harm     .   (no cloak)
rCorr   .          Rampage  .   (no gloves)
Will    .....                   k - +0 pair of boots
Stlth   ++........              (no amulet)
HPRegen 0.21/turn               v - ring of see invisible
MPRegen 0.11/turn               q - ring of fire

@: under a protective aura
A: breathe fire, AC +6, unfitting armour, fire resistance 1, cold-blooded
a: Breathe Fire, Renounce Religion, Berserk, Trog's Hand


You were on level 10 of the Dungeon.
You worshipped Trog.
Trog was pleased with you.
You visited 2 branches of the dungeon, and saw 11 of its levels.

You collected 255 gold pieces.

Inventory:

Hand Weapons
 n - a +2 mace of protection (weapon)
 u - a +1 antimagic trident
Missiles
 i - 50 stones
Armour
 k - a +0 pair of boots (worn)
Jewellery
 m - a ring of poison resistance
 q - a ring of fire (right hand)
 v - a ring of see invisible (left hand)
Scrolls
 a - 4 scrolls of teleportation
 d - 6 scrolls of identify
 g - 3 scrolls of noise
 s - a scroll of vulnerability {unknown}
 t - a scroll of immolation {unknown}
Potions
 b - a potion of attraction {unknown}
 c - a potion of heal wounds
 e - a potion of degeneration {unknown}
 j - 2 potions of curing
 l - 2 potions of resistance {unknown}
 o - 2 potions of mutation
 p - a potion of brilliance
 w - 2 potions of might {unknown}
 x - a potion of flight {unknown}


   Skills:
 + Level 5.5 Fighting
 + Level 3.7(5.3) Axes
 + Level 5.8(6.3) Maces & Flails
 + Level 0.6 Throwing
 + Level 5.4 Dodging
 + Level 3.0 Stealth


You had 7 spell levels left.
You didn't know any spells.
Your spell library contained the following spells:

 Spells                   Type           Power      Damage    Failure   Level
 Sandblast                Erth           0%         2d4       41%         1
 Passwall                 Tmut/Erth      0%         N/A       54%         2
 Mephitic Cloud           Conj/Pois/Air  0%         N/A       78%         3
 Spider Form              Tmut/Pois      0%         N/A       78%         3
 Stone Arrow              Conj/Erth      0%         3d7       78%         3
 Corpse Rot               Necr/Pois/Air  0%         N/A       99%         4
 Olgreb's Toxic Radiance  Pois           0%         N/A       99%         4
 Agony                    Necr           0%         N/A       100%        5
 Ozocubu's Refrigeration  Ice            0%         4d7       100%        7
 Ignition                 Fire           0%         3d3       100%        8


Dungeon Overview and Level Annotations

Branches:
Dungeon (10/15)            Temple (1/1) D:7
   Lair: D:8-11         Orc: D:9-12

Altars:
Ashenzari
Cheibriados
Dithmenos
Fedhas
Gozag
Hepliaklqana
Kikubaaqudgha
Makhleb
Nemelex Xobeh
Okawaru
Qazlal
Ru
Sif Muna
Trog
Uskayaw
Vehumet
Wu Jian
Yredelemnul
Zin

Shops:
D:3 (


Innate Abilities, Weirdness & Mutations

You can breathe blasts of fire.
Your fiery red scales are hard. (AC +6)
You cannot fit into any form of body armour.
Your flesh is heat resistant. (rF+)
You are cold-blooded and may be slowed by cold attacks.


Message History

A vampire mosquito comes into view.
The vampire mosquito closely misses you.
The vampire mosquito barely misses you.
You barely miss the vampire mosquito. The vampire mosquito bites you.
The vampire mosquito draws strength from your injuries!
You barely miss the vampire mosquito. The vampire mosquito bites you!
The vampire mosquito draws strength from your injuries!
The vampire mosquito bites you but does no damage.
You sock the vampire mosquito!
Your weapon exudes an aura of protection.
Your tail-slap misses the vampire mosquito.
The vampire mosquito is heavily damaged.
The vampire mosquito closely misses you.
The vampire mosquito misses you.
You miss the vampire mosquito. You tail-slap the vampire mosquito.
The vampire mosquito is severely damaged.
The vampire mosquito closely misses you.
The vampire mosquito bites you but does no damage.
You closely miss the vampire mosquito.
Your tail-slap misses the vampire mosquito.
The vampire mosquito is heavily damaged.
The vampire mosquito barely misses you. The vampire mosquito bites you!
* * * LOW HITPOINT WARNING * * *
The vampire mosquito draws strength from your injuries!
You barely miss the vampire mosquito. You tail-slap the vampire mosquito.
The vampire mosquito is heavily damaged.
The vampire mosquito bites you!
* * * LOW HITPOINT WARNING * * *
The vampire mosquito draws strength from your injuries!
The vampire mosquito barely misses you.
You hit the vampire mosquito.
Your weapon exudes an aura of protection.
The vampire mosquito is severely damaged.
The vampire mosquito closely misses you. x2
Aiming: Breathe Fire (4% risk of failure)
Press: ? - help, Q - select action, (/) - cycle Shift-Dir - straight line, f - vampire mosquito
Aim: a vampire mosquito (48% to hit)
You fail to use your ability.
The vampire mosquito bites you!
You die...

#...#......#
#.......#######
+....####........
#### #..'........
#.##.......#
#.##.......#
#.##...).>##
#.##......#
#@#######.# #y#
.# #y# # #y# #..
#.. #.. #.##


You could see 3 vampire mosquitoes.

Vanquished Creatures
  A shadow (D:7)
  2 black bears (D:4)
  A phantom (D:7)
  A bullfrog (D:8)
  3 scorpions
  5 wights (D:9)
  2 hounds
  A gnoll bouda (D:7)
  An iguana (D:4)
  3 adders
  6 gnolls
  2 river rats (D:6)
  A worm (D:3)
  2 dart slugs
  9 orcs
  4 bats
  5 endoplasms
  4 giant cockroaches
  7 goblins
  5 hobgoblins
  7 jackals
  9 kobolds
  3 quokkas
  6 ball pythons
  2 frilled lizards
  6 rats
98 creatures vanquished.

Vanquished Creatures (others)
  8 fungi (D:1)
  4 plants (D:1)
12 creatures vanquished.

Grand Total: 110 creatures vanquished

Notes
Turn   | Place    | Note
-------+----------+-------------------------------------------
     0 | D:1      | daybreaker the Draconian Berserker began the quest for the
                  | Orb.
     0 | D:1      | Reached XP level 1. HP: 19/19 MP: 1/1
   502 | D:1      | Reached XP level 2. HP: 25/26 MP: 2/2
  1145 | D:3      | Reached XP level 3. HP: 33/33 MP: 3/3
  1191 | D:3      | Found a snail-covered altar of Cheibriados.
  1208 | D:3      | Reached ** piety under Trog
  1508 | D:3      | Found Livuod's Antique Weapon Emporium.
  1755 | D:1      | Reached XP level 4. HP: 40/40 MP: 4/4
  2072 | D:3      | Reached skill level 1 in Maces & Flails
  2445 | D:4      | Noticed a scorpion
  2453 | D:4      | Killed a scorpion
  2543 | D:4      | Noticed a scorpion
  2557 | D:4      | Killed a scorpion
  2558 | D:4      | Reached skill level 1 in Stealth
  2558 | D:4      | Reached XP level 5. HP: 42/46 MP: 5/5
  2695 | D:4      | Found a bloodstained altar of Trog.
  2793 | D:4      | Noticed a black bear
  2805 | D:4      | Killed a black bear
  2806 | D:4      | Reached XP level 6. HP: 50/53 MP: 6/6
  3482 | D:5      | Entered Level 5 of the Dungeon
  3881 | D:6      | Your scales start taking on a fiery red colour.
  3881 | D:6      | Reached XP level 7. HP: 53/60 MP: 7/7
  3881 | D:6      | Gained mutation: Your flesh is heat resistant. (rF+) [Red
                  | Draconian growth]
  4057 | D:8      | Found a hide-covered altar of Uskayaw.
  4235 | D:7      | Found a staircase to the Ecumenical Temple.
  4288 | Temple   | Entered the Ecumenical Temple
  4882 | D:7      | Noticed a shadow
  4904 | D:7      | Killed a shadow
  4905 | D:7      | Reached skill level 5 in Fighting
  5388 | D:7      | Reached skill level 5 in Maces & Flails
  5388 | D:7      | Reached skill level 5 in Dodging
  5481 | D:7      | Got the Exposition on Bloody Impurities
  5745 | D:9      | Reached XP level 8. HP: 49/65 MP: 8/8
  5778 | D:10     | Entered Level 10 of the Dungeon
  5812 | D:10     | Slain by a vampire mosquito

Illustrated notes

Levels and vault maps discovered:
D:1:      lemuel_arrival_muddy, layout_basic
D:2:      layout_rooms, minmay_tiny_reverse_x
D:3:      layout_basic, mainiacjoe_overflow_tiny_flanked, serial_shops, shop,
          kennysheep_boxes
D:4:      kennysheep_six_static_rooms, layout_gridville, trog_antimagical,
          serial_glass, glass_columns_a, glass_columns_b, glass_columns_a,
          glass_columns_a, glass_columns_b, glass_columns_a, glass_columns_b,
          glass_columns_a, glass_columns_a, glass_columns_a, glass_columns_a,
          glass_columns_a, glass_columns_a, glass_columns_a,
          minmay_strange_pillars, feat_on_display, due_unseen_surprise,
          minmay_strange_pillars
D:5:      layout_cave_pools
D:6:      layout_rooms, gup_sewer_entry_bubbles
D:7:      layout_loops_corners, minmay_temple_entry_sparse_star
D:8:      layout_basic, overflow_temple_1_default,
          nicolae_overflow_crystal_walls, gammafunk_temple_overflow_pools,
          gammafunk_ghost_hive, serial_shops, nicolae_diamond_shop
D:9:      layout_loops_ring, minmay_puff
D:10:     layout_basic, dpeg_lair_monsters, uniq_erica
Temple:   nicolae_temple_slightly_damp_pantheon

Skill      XL: |  1  2  3  4  5  6  7  8 |
---------------+-------------------------+-----
Dodging        | 3 4 5 |  5.4
Fighting       | 4 5 |  5.5
Maces & Flails | 2 3 4 5 |  5.8
Stealth        | 1 2 3 |  3.0
Axes           | |  3.7
Throwing       | |  0.6

Action                   |  1- 3 |  4- 6 |  7- 9 || total
-------------------------+-------+-------+-------++-------
Melee: Hand axe          |   107 |       |       ||   107
       Tailslap          |    27 |    16 |    13 ||    56
       Club              |     4 |       |       ||     4
       Mace              |    53 |   143 |    71 ||   267
       Punch             |     1 |       |     3 ||     4
Throw: Stone             |     2 |    11 |       ||    13
Invok: Berserk           |     1 |     2 |     2 ||     5
       Trog's Hand       |     1 |       |       ||     1
 Abil: Breathe Fire      |       |       |     3 ||     3
  Use: Scroll            |     4 |     1 |     2 ||     7
       Potion            |     2 |       |     3 ||     5
 Stab: Sleeping          |       |     2 |       ||     2
       Distracted        |       |     1 |       ||     1
Armor: Skin              |    74 |    97 |    34 ||   205
Dodge: Dodged            |   111 |   150 |    67 ||   328
